[Event "Early-Titled-Tuesday-Blitz-February-13-2024"]
[Site "Chess.com"]
[Date "2024.02.13"]
[Round "1"]
[White "ViIIagra"]
[Black "malakismayil"]
[Result "1-0"]
[WhiteElo "2956"]
[BlackElo "2514"]
[TimeControl "180+1"]
[EndTime "8:08:33 PST"]
[Termination "ViIIagra won on time"]

1. g3 d5 2. Bg2 e6 3. f4 Nf6 4.
Nf3 Be7 5. O-O O-O 6. d3 c5 7. Nc3 Nc6 8. e4 Rb8 9. Ne5 d4 10. Nxc6 bxc6 11. Na4 Ba6 12. b3 c4 13. dxc4 c5 14.
Nb2 Bb7 15. Re1 Nd7 16. Nd3 Qc7 17. Qe2 e5 18. Rf1 Bd6 19. f5 f6 20. g4 Be7 21. h4 Qd8 22. Bd2 Bc6 23. Bf3 Nb6 24. Kh2 Kf7 25. g5 Ke8 26. gxf6 gxf6 27. Rg1 Kd7 28.
Rg7 Kc8 29. Rag1 Rh8 30. Ba5 Rb7 31. Bh5 Bf8 32. Rxb7 Kxb7 33. Bf7 Qd6 34. Kh3 Bh6 35.
Bxb6 axb6 36. Bd5 Qe7 37. a4 Bxd5 38. cxd5 Be3 39. Rg2 Qf7 40. Qg4 Bh6 41. Nb2 Rd8 42. Nc4 Kc7 43. Kh2 Kb7 44. Kg1 Kc7 45. Kf1 Ra8 46. Ke2 Re8 47. Na3 Ra8 48. Nb5+ Kd7 49.
Kf1 Rc8 50. Qe2 Ra8 51. Kg1 Rg8 52. Rxg8 Qxg8+ 53. Qg2 Be3+ 54. Kf1 Qf7 55. Qg4 Bh6 56. Ke2 Be3 57. Na3 Bh6 58. Nc4 Kc7 59. Na3 Bf4 60. Kd3 Bh6 61. c3 Bc1 62. Nb5+ Kd7 63. b4 dxc3 64. Kxc3 cxb4+ 65. Kb3 Bf4 66. Qe2 Qg7 67. Qc2 Qg3+ 68. Kxb4 Qe1+ 69. Kb3 Qe3+ 70. Qc3 Qxe4 71. Qc7+ 1-0

[Event "Early-Titled-Tuesday-Blitz-February-13-2024"]
[Site "Chess.com"]
[Date "2024.02.13"]
[Round "1"]
[White "Zurability"]
[Black "RaugintaBulba"]
[Result "1/2-1/2"]
[WhiteElo "2739"]
[BlackElo "2424"]
[TimeControl "180+1"]
[EndTime "8:08:33 PST"]
[Termination "Game drawn by stalemate"]

1. e4 c5 2. Nf3 a6 3. c3 d5 4. exd5 Qxd5 5. d4 Nf6 6. Be2 cxd4 7.
cxd4 e6 8. Nc3 Qd8 9. O-O Nc6 10.
Bd3 Be7 11. a3 O-O 12. Bc2 b5 13. Bg5 b4 14. Qd3 g6 15. Ne2 bxa3 16. bxa3 a5 17.
Rfd1 Ba6 18. Qd2 Nd5 19. Bh6 Re8 20. Ng3 Bb5 21. Ne4 a4 22. Ne5 Nxe5 23. dxe5 Qa5 24. Qxa5 Rxa5 25. Bg5 Bxg5 26. Nxg5 Bc4 27. Ne4 Bb3 28.
Rd2 Rc8 29. Bd3 Nf4 30. Re1 Nxd3 31. Rxd3 Rxe5 32. Rde3 Kg7 33. g4 f5 34. Nd6 Rxe3 35.
Rxe3 Rc6 36. Nb5 Bd5 37. f3 Rc1+ 38. Kf2 Rc2+ 39. Kg3 Kf6 40. h4 h6 41. Nd4 Ra2 42.
Ne2 g5 43. hxg5+ hxg5 44. f4 gxf4+ 45. Nxf4 Rb2 46. Nh5+ Ke7 47. gxf5 Rb3 48. Kf4 Rxe3 49. f6+ Kf7 50. Kxe3 Bc6 51. Kd4 Bf3 52. Nf4 Kxf6 53. Nd3 Bc6 54. Ne5 Be8 55. Ke4 Bh5 56. Kf4 Bd1 57. Ke4 Bc2+ 58. Kf4 Bf5 59. Nf3 Ke7 60. Ke5 Kd7 61. Nd4 Kc7 62. Nxf5 exf5 63. Kxf5 Kc6 64. Ke4 Kc5 65. Kd3 Kb5 66. Kd4 Ka5 67. Kc4 Kb6 68.
Kb4 Ka6 69. Kxa4 Ka7 70. Kb4 Kb8 71. a4 Ka8 72. a5 Kb8 73. Kb5 Ka8 74. a6 Kb8 75.
Ka5 Ka8 76. Kb6 Kb8 77. Kc6 Ka8 78. Kb5 Kb8 79. Kb6 Ka8 80. a7 1/2-1/2

[Event "Early-Titled-Tuesday-Blitz-February-13-2024"]
[Site "Chess.com"]
[Date "2024.02.13"]
[Round "1"]
[White "InitiatingASC"]
[Black "CSB7"]
[Result "0-1"]
[WhiteElo "2406"]
[BlackElo "2737"]
[TimeControl "180+1"]
[EndTime "8:08:34 PST"]
[Termination "CSB7 won by checkmate"]

1. d4 Nf6 2. c4 c5 3. d5 b5 4. cxb5 a6 5. bxa6 g6 6. g3 Bg7 7. Bg2 d6 8. Nf3 Nxa6 9. Nfd2 O-O 10. O-O Nb4 11. Nc3 Bf5 12. Nde4 Nxe4 13. Bxe4 Bxe4 14.
Nxe4 Nxa2 15. Qb3 Nxc1 16. Rfxc1 Rb8 17. Qc4 Bxb2 18. Ng5 Rb4 19. Qc2 Bxc1 20. Qxc1 Qd7 21. e4 h6 22. Nxf7 Rxf7 23. Qxh6 Rb8 24. Qxg6+ Rg7 25.
Qh6 Rc8 26. Re1 c4 27. e5 dxe5 28. Rxe5 Qd6 29. Qh3 Qxe5 30. Qxc8+ Kh7 31. Qxc4 Qd6 32. Qc2+ Kg8 33. Qc8+ Kh7 34. Qh3+ Kg6 35. Qg4+ Kf7 36. Qh5+ Kf8 37. h4 Qf6 38. Qh8+ Kf7 39. Qc8 Qg6 40. Qc4 Kf8 41. Qc8+ Kf7 42. Qc4 Qd6 43.
Qe4 Kf8 44. Qf3+ Rf7 45. Qe4 Qf6 46. f4 Qa1+ 47. Kg2 Qb2+ 48. Kh3 Qc1 49. Qe6 Qd1 50.
Qc8+ Kg7 51. Qe6 Qh1+ 52. Kg4 Qf1 53. Kg5 Qf2 54. Qh6+ Kg8 55. g4 Qxf4+ 56. Kh5 Qxh6+ 57. Kxh6 Rf4 58. Kg5 Rd4 59. Kf5 Rxd5+ 60. Ke6 Rd4 61.
Kxe7 Rxg4 62. h5 Rh4 63. Kf6 Rxh5 64. Kg6 Rh7 65. Kg5 Kf7 66. Kg4 Kf6 67. Kg3 Kf5 68.
Kg2 Kf4 69. Kf2 Rh2+ 70. Ke1 Ke3 71. Kf1 Re2 72. Kg1 Kf3 73. Kh1 Kg3 74. Kg1 Re1# 0-1

[Event "Early-Titled-Tuesday-Blitz-February-13-2024"]
[Site "Chess.com"]
[Date "2024.02.13"]
[Round "1"]
[White "amiqu"]
[Black "lupta_robin"]
[Result "1/2-1/2"]
[WhiteElo "2050"]
[BlackElo "2557"]
[TimeControl "180+1"]
[EndTime "8:08:34 PST"]
[Termination "Game drawn by repetition"]

1. d4 Nf6 2. c4 e6 3. Nf3 Be7 4. g3 O-O 5. Bg2 b6 6. O-O Bb7 7. Nc3 Ne4 8. Qc2 Nxc3 9. Qxc3 d6 10. Qd3 Nd7 11. Ng5 Bxg5 12. Bxb7 Rb8 13. Bc6 Bxc1 14. Raxc1 Nf6 15. Rfe1 e5 16. b4 Qe7 17. dxe5 dxe5 18. Red1 Rfd8 19. Qc3 g6 20. a4 Kg7 21. h4 Rd6 22. b5 Rbd8 23. Rxd6 Qxd6 24. c5 Qd4 25.
cxb6 cxb6 26. e3 Qxc3 27. Rxc3 Rd2 28. Bf3 e4 29. Bg2 Ng4 30. Bxe4 Nxf2 31. Bg2 Ng4 32.
Bf3 Ne5 33. Be4 Ra2 34. Rc7 Rxa4 35. Bd5 Kf6 36. e4 Rb4 37. Rxa7 Rxb5 38. g4 h6 39. Kg2 Rb2+ 40. Kg3 b5 41. Ra6+ Kg7 42. Kf4 Nd3+ 43. Ke3 Ne5 44. Kf4 f6 45. Ra7+ Kf8 46. Ra8+ Ke7 47. Ra7+ Kd6 48. Ra6+ Ke7 49. Ra7+ Nd7 50.
Bc6 Rd2 51. Bxb5 Ke6 52. Bc4+ Ke7 53. Bb5 Ke6 54. Bxd7+ Rxd7 55. Rxd7 Kxd7 56. e5 Ke6 57. exf6 Kxf6 58. g5+ hxg5+ 59. hxg5+ Kf7 60. Ke5 Ke7 61. Kd5 Kd7 62. Ke5 Ke7 63. Kd5 Kd7 64. Ke5 Ke7 1/2-1/2

[Event "Early-Titled-Tuesday-Blitz-February-13-2024"]
[Site "Chess.com"]
[Date "2024.02.13"]
[Round "1"]
[White "AlexandraSamaganova"]
[Black "M1711"]
[Result "1-0"]
[WhiteElo "2343"]
[BlackElo "2642"]
[TimeControl "180+1"]
[EndTime "8:08:35 PST"]
[Termination "AlexandraSamaganova won by checkmate"]

1. c4 Nf6 2. Nc3 c6 3. Nf3 d5 4.
e3 e6 5. d4 Bd6 6. Bd3 O-O 7.
O-O dxc4 8. Bxc4 Nbd7 9. a3 e5 10. dxe5 Nxe5 11. Nxe5 Bxe5 12. Be2 Qc7 13. h3 Bf5 14.
Qa4 Rfd8 15. Bf3 b5 16. Qh4 Bd3 17. Re1 a5 18. Be4 Bxc3 19. bxc3 Bxe4 20. f3 Bd3 21. e4 Nd7 22. Bf4 Qb7 23. Rad1 Nb6 24. Re3 Qa7 25. Rexd3 Rxd3 26. Rxd3 f6 27. Be3 Qc7 28. Qg4 Nc4 29.
Rd7 Qxd7 30. Qxd7 Nxe3 31. Qxc6 Rd8 32. Kf2 Nc4 33. Qxb5 Rc8 34. Qd5+ Kf8 35. f4 Ke7 36. e5 fxe5 37. fxe5 Rc7 38. Qg8 Nxe5 39. Qxg7+ Kd6 40.
Qf6+ Kd5 41. Qh4 Rxc3 42. Qxh7 Rxa3 43. Qb7+ Kd4 44. Qb6+ Kc4 45. Qc7+ Kd5 46. Qd8+ Kc4 47. Qc8+ Kd5 48. Qg8+ Kd4 49. Qd8+ Ke4 50. g4 Ra2+ 51. Kf1 Ra3 52. Qa8+ Kf4 53. Qf8+ Ke3 54. Qxa3+ Kf4 55. Qxa5 Nc4 56. Qb4 Ke3 57. Qxc4 Kf3 58. Qe2+ Kg3 59.
Qg2+ Kh4 60. g5 Kh5 61. g6 Kh6 62. g7 Kh5 63. g8=Q Kh6 64. Q8g6# 1-0

[Event "Early-Titled-Tuesday-Blitz-February-13-2024"]
[Site "Chess.com"]
[Date "2024.02.13"]
[Round "1"]
[White "Yan_Dyomin2010"]
[Black "martinmena"]
[Result "1-0"]
[WhiteElo "2576"]
[BlackElo "2125"]
[TimeControl "180+1"]
[EndTime "8:08:40 PST"]
[Termination "Yan_Dyomin2010 won on time"]

1. e4 c6 2. Nc3 d5 3. Nf3 Bg4 4. h3 Bxf3 5. gxf3 e6 6. d4 Bb4 7. Qd3 Nf6 8. a3 Bxc3+ 9. bxc3 Qc7 10. h4 c5 11. Bg5 Nbd7 12. Bh3 Rc8 13. O-O O-O 14.
Rac1 h6 15. Be3 cxd4 16. cxd4 Qc3 17. Bd2 Qc4 18. Rfe1 Nb6 19. Bf1 Qa4 20. Bb4 Rfd8 21. e5 Nfd7 22. Qb3 Qxb3 23. cxb3 Nb8 24. Bc5 Nc6 25.
Bb5 Rd7 26. b4 Rdc7 27. Kf1 Rd7 28. a4 Rdd8 29. a5 Nd7 30. Bxc6 Rxc6 31. b5 Rcc8 32.
Bxa7 Ra8 33. b6 Nb8 34. Bxb8 Rdxb8 35. Rc5 Ra6 36. Rb1 Rba8 37. Rbb5 Kf8 38. f4 g6 39. Kg2 Kg7 40. h5 gxh5 41. f5 h4 42. Kh3 exf5 43.
Rxd5 Kg6 44. Kxh4 f4 45. Kg4 h5+ 46. Kxf4 h4 47. Rd6+ Kg7 48. Rd7 Rh8 49. Rxb7 h3 50.
Ra7 h2 51. Rb1 Rxa7 52. bxa7 Ra8 53. Rh1 Rxa7 54. Rxh2 Rxa5 55. Ke4 Ra4 56. f4 Kf8 57. f5 Ke7 58. f6+ Ke6 59. Rb2 Ra6 60. d5+ Kd7 61. Rb7+ Ke8 62. Kf5 Ra8 63. e6 fxe6+ 64. dxe6 Kf8 65. Kg6 Kg8 66. Rg7+ Kh8 67. f7 1-0

[Event "Early-Titled-Tuesday-Blitz-February-13-2024"]
[Site "Chess.com"]
[Date "2024.02.13"]
[Round "1"]
[White "wqws"]
[Black "gpsji27"]
[Result "1/2-1/2"]
[WhiteElo "2635"]
[BlackElo "2306"]
[TimeControl "180+1"]
[EndTime "8:08:42 PST"]
[Termination "Game drawn by repetition"]

1. e4 e5 2. Nf3 Nc6 3. Bb5 a6 4. Ba4 Nf6 5. d3 b5 6. Bb3 Be7 7. O-O O-O 8. Bd2 d6 9. Re1 Bg4 10. c3 d5 11. h3 Bxf3 12. Qxf3 dxe4 13. dxe4 Na5 14. Bc2 Nc4 15. Bc1 c6 16. Qg3 Kh8 17. b3 Nd6 18. Qxe5 Re8 19. Qg3 Ndxe4 20. Qf3 Bc5 21.
Be3 Bxe3 22. Rxe3 Qd5 23. Na3 Ng5 24. Qxd5 Nxd5 25. Rg3 h6 26. Bd3 Ne4 27. Bxe4 Rxe4 28. Nc2 Nf4 29. Kh2 Re2 30. Nd4 Rxf2 31. Nxc6 Re8 32.
Nd4 Ne2 33. Nxe2 Rexe2 34. a4 Rb2 35. axb5 axb5 36. b4 Kh7 37. Ra7 Rbd2 38. Rc7 h5 39. Rc5 g6 40. h4 Rf4 41. Kh3 Rd1 42. Rf3 Rxf3+ 43. gxf3 Rd3 44. Kg3 Kg7 45. Kf4 Kf6 46. Ke4 Rd1 47. Rxb5 Rh1 48. Rb6+ Kg7 49. b5 Rxh4+ 50. Kd5 Rf4 51. Rc6 h4 52. b6 h3 53.
b7 h2 54. b8=Q Rf5+ 55. Kd6 h1=Q 56. Kd7 Qd1+ 57. Rd6 Qa4+ 58. Kd8 Qa5+ 59. Kd7 Qa4+ 60. Kd8 Qa5+ 61. Kd7 Qa4+ 1/2-1/2

[Event "Early-Titled-Tuesday-Blitz-February-13-2024"]
[Site "Chess.com"]
[Date "2024.02.13"]
[Round "1"]
[White "Qingdom"]
[Black "GasconJR"]
[Result "1-0"]
[WhiteElo "2164"]
[BlackElo "2559"]
[TimeControl "180+1"]
[EndTime "8:08:42 PST"]
[Termination "Qingdom won on time"]

1. d4 Nf6 2. Bg5 d5 3. e3 e6 4. Bd3 c5 5. c3 Nbd7 6. Nd2 Bd6 7. Ngf3 Qc7 8. Qe2 b6 9. Bh4 Bb7 10. Bg3 Ne4 11. Bxd6 Qxd6 12. O-O O-O 13. Rfd1 Qc7 14. Rac1 Nxd2 15. Qxd2 e5 16. dxe5 Nxe5 17. Nxe5 Qxe5 18. Be2 Rad8 19. Bf3 Qe7 20. Qc2 Rd6 21. Qa4 a6 22. b4 Qc7 23. bxc5 bxc5 24. c4 d4 25. Bxb7 Qxb7 26.
exd4 Rxd4 27. Rxd4 cxd4 28. c5 Qd5 29. c6 d3 30. c7 d2 31. Rd1 Rc8 32. h3 g6 33.
Qc2 Qe5 34. Qxd2 Rxc7 35. Qd8+ Kg7 36. Qd4 Qxd4 37. Rxd4 Rc1+ 38. Kh2 Rc2 39. Ra4 Rxf2 40. Rxa6 h5 41. Kg3 Rb2 42. Kf3 f6 43. h4 g5 44.
hxg5 fxg5 45. g3 Rb1 46. Ke4 Rf1 47. Rb6 g4 48. Rb3 Kg6 49. Kd4 Ra1 50. a3 Rd1+ 51. Kc4 Rc1+ 52. Kb4 Ra1 53. a4 Kg5 54. a5 h4 55. gxh4+ Kxh4 56. Kb5 g3 57. Rxg3 Kxg3 58. a6 Kf4 59. Kb6 Ke5 60. a7 Kd6 61. Kb7 Rb1+ 62. Kc8 Ra1 63. Kb7 Kd7 64. a8=Q Rb1+ 65. Ka7 Kc7 66. Qh8 Rb7+ 67. Ka6 Rb6+ 68. Ka5 Rb7 69. Qe5+ Kc6 70. Qe4+ Kc7 71. Qd5 Ra7+ 72. Kb4 Rb7+ 73.
Kc5 Kc8 74. Qe6+ Kb8 75. Kc6 Ka7 76. Qa2+ Kb8 77. Qa6 Rc7+ 78. Kd6 Rb7 79. Qc6 1-0

[Event "Early-Titled-Tuesday-Blitz-February-13-2024"]
[Site "Chess.com"]
[Date "2024.02.13"]
[Round "1"]
[White "crazy_m_attack"]
[Black "Szparu"]
[Result "1/2-1/2"]
[WhiteElo "2452"]
[BlackElo "2798"]
[TimeControl "180+1"]
[EndTime "8:08:45 PST"]
[Termination "Game drawn - insufficient material"]

1. e4 e6 2. d4 d5 3. Nc3 Nf6 4. e5 Nfd7 5. Nce2 c5 6. c3 Nc6 7. Nf3 Be7 8. a3 O-O 9. b4 b6 10. Nf4 Re8 11. Bd3 Nf8 12. O-O f5 13. exf6 Bxf6 14.
b5 Na5 15. Re1 a6 16. a4 axb5 17. axb5 Bd7 18. Nh5 c4 19. Bc2 Bxb5 20. Nxf6+ Qxf6 21. Bg5 Qf7 22. Ne5 Qb7 23. Qh5 Nc6 24. Rxa8 Rxa8 25. Ng4 Qf7 26. Qh3 Ng6 27. Qe3 Ra2 28. Bb1 Ra1 29. h4 h5 30. Nh2 e5 31. dxe5 Ncxe5 32. Qxb6 Nd3 33. Rf1 Rxb1 34. Rxb1 Bd7 35. Nf3 Bg4 36.
Qe3 Bxf3 37. Qxf3 Qxf3 38. gxf3 Nge5 39. Kg2 Kf7 40. Be3 Ke6 41. Bd4 Nf4+ 42. Kh1 Neg6 43. Bxg7 Nxh4 44. Rb6+ Kf5 45. Rf6+ Kg5 46. Rf8 Nxf3 47.
Bh6+ Kxh6 48. Rxf4 Nd2 49. Rd4 Ne4 50. Rxd5 Nxf2+ 51. Kg2 Ne4 52. Rd4 Nxc3 53. Rxc4 Nd5 54. Kh3 Nf6 55. Kh4 Kg6 56. Rc6 Kf5 57. Rc5+ Kg6 58.
Rg5+ Kf7 59. Rg1 Ke6 60. Kg5 Ne4+ 61. Kxh5 Kf5 62. Rf1+ Ke5 63. Rf8 Nf6+ 64. Kg6 Ne4 65. Re8+ Kd4 66. Kf5 Nd6+ 67. Ke6 Nxe8 1/2-1/2

[Event "Early-Titled-Tuesday-Blitz-February-13-2024"]
[Site "Chess.com"]
[Date "2024.02.13"]
[Round "1"]
[White "gxbg2000"]
[Black "Russian_berezka"]
[Result "0-1"]
[WhiteElo "2080"]
[BlackElo "2567"]
[TimeControl "180+1"]
[EndTime "8:08:45 PST"]
[Termination "Russian_berezka won by resignation"]

1. e4 c5 2. Nf3 e6 3. d4 cxd4 4. Nxd4 Nc6 5. Be3 Qc7 6. Bd3 a6 7. O-O Nf6 8. c3 Ne5 9. Bc2 Neg4 10. Nf3 Nxe3 11. fxe3 Bc5 12. Qe2 Ng4 13. h3 Nxe3 14. Kh1 Nxf1 15. Qxf1 h6 16. Nbd2 b5 17. Nb3 Be7 18.
Rd1 Bb7 19. Nbd4 d6 20. a3 Bf6 21. Qd3 Qc4 22. Qd2 Rd8 23. Bd3 Qc5 24. Rf1 Ke7 25. Qe2 Rdf8 26. Re1 g5 27. e5 dxe5 28. Nxe5 Bxe5 29.
Qxe5 Qxe5 30. Rxe5 Kd6 31. Re2 Bd5 32. Rd2 h5 33.
Kh2 g4 34. h4 Rhg8 35. b3 Kc5 36. Bf1 Re8 37. c4 bxc4 38. bxc4 Bxc4 39. Rc2 Kxd4 40. Rxc4+ Ke3 41. Kg3 f5 42. Rc3+ Kd4 43. Rc6 e5 44. Rc4+ Kd5 45. Ra4 f4+ 46. Kh2 g3+ 47. Kg1 Rc8 48.
Ra5+ Kd4 49. Rxa6 Rc1 50. Ra4+ Ke3 51. Rb4 Rd8 52. Rb3+ Ke4 53. Rb4+ Kf5 54. Rc4 Rdd1 55. Rxc1 Rxc1 56. a4 Ra1 57. a5 Ke6 58. a6 Kd6 59. a7 Kc5 60. a8=Q Rxa8 61. Be2 Ra1+ 62. Bf1 Kd4 0-1

[Event "Early-Titled-Tuesday-Blitz-February-13-2024"]
[Site "Chess.com"]
[Date "2024.02.13"]
[Round "1"]
[White "JERO-8914"]
[Black "Onischuk_V"]
[Result "0-1"]
[WhiteElo "2439"]
[BlackElo "2790"]
[TimeControl "180+1"]
[EndTime "8:08:47 PST"]
[Termination "Onischuk_V won by resignation"]

1. e4 d6 2. d4 Nf6 3. Bd3 e5 4. c3 d5 5. dxe5 Nxe4 6. Nf3 Nc6 7. O-O Bg4 8. Nbd2 Nxe5 9. Bxe4 dxe4 10. Qa4+ Nc6 11.
Qxe4+ Be6 12. Nb3 Qd5 13. Qxd5 Bxd5 14. Re1+ Be7 15. Nfd4 O-O-O 16. Nxc6 Bxc6 17. Nd4 Bc5 18. Nxc6 bxc6 19. Bf4 Rhe8 20. Rxe8 Rxe8 21. Kf1 h5 22. Rd1 f6 23. h3 Re4 24. Be3 Bxe3 25. Re1 Ra4 26.
Rxe3 Rxa2 27. b4 c5 28. Re7 cxb4 29. cxb4 Rb2 30. Re4 Kd7 31. g4 h4 32. f4 Rb3 33.
Kg2 Rg3+ 34. Kh2 g6 35. f5 gxf5 36. gxf5 Rf3 37. Rxh4 Rxf5 38. Rc4 a5 39. bxa5 Rxa5 40. Kg3 Kd6 41. h4 Ra1 42. h5 Rh1 43. Rd4+ Ke6 44.
Rc4 Rxh5 45. Rxc7 Ra5 46. Kf4 Ra4+ 47. Kf3 Rd4 48. Rc6+ Ke5 49. Ra6 Rd5 50. Ra4 Kf5 51. Rb4 Rd3+ 52. Kf2 Ra3 53. Kg2 Kg5 54. Kf2 f5 55. Kg2 Rd3 56. Kf2 Kf6 57. Ke2 Rh3 58. Kf2 Ke5 59. Kg2 Rd3 60. Kf2 Ra3 61. Ke2 Rc3 62.
Kf2 f4 63. Ra4 Kf5 64. Ra5+ Kg4 65. Ra4 Rc2+ 66. Kf1 Kg3 67. Ra3+ f3 68. Ra1 Rh2 0-1

[Event "Early-Titled-Tuesday-Blitz-February-13-2024"]
[Site "Chess.com"]
[Date "2024.02.13"]
[Round "1"]
[White "lucasran"]
[Black "sansanathalia"]
[Result "0-1"]
[WhiteElo "2705"]
[BlackElo "2409"]
[TimeControl "180+1"]
[EndTime "8:08:49 PST"]
[Termination "sansanathalia won on time"]

1. Nf3 Nf6 2. c4 e6 3. g3 d5 4. Bg2 Be7 5. O-O O-O 6. b3 b6 7. Bb2 Bb7 8. cxd5 exd5 9. d4 Nbd7 10. Nc3 Re8 11. Rc1 Ne4 12. Qc2 Nxc3 13. Bxc3 Bd6 14. Rfd1 Nf6 15. Ne5 c5 16. Bb2 cxd4 17. Nf3 Rc8 18. Qd3 Rxc1 19. Rxc1 Bc5 20. Nxd4 Ne4 21. e3 Qd7 22. Rd1 f6 23. a3 a5 24. Qb5 Qxb5 25. Nxb5 Bc6 26. Nd4 Bb7 27. Bf1 Nd6 28. Bd3 g6 29.
Rc1 Ne4 30. Bb5 Re7 31. Rd1 Nd6 32. Be2 Ne4 33. Nb5 Bc6 34. Nd4 Bb7 35. Kg2 Nd6 36.
h4 Bxd4 37. Bxd4 Nf5 38. Bxb6 d4+ 39. Bf3 dxe3 40. fxe3 Bxf3+ 41. Kxf3 Rb7 42. Bxa5 Rxb3 43. Rd8+ Kf7 44. Bd2 Rxa3 45. Rd7+ Ke6 46. Rxh7 Rd3 47. Ke2 Ra3 48. g4 Ng3+ 49. Kf3 Nf1 50. Be1 Rxe3+ 51.
Kf2 Re4 52. Kxf1 Rxg4 53. Bf2 Kf5 54. Ke2 Re4+ 55. Kf3 Rf4+ 56. Kg3 Rg4+ 57. Kh3 Rf4 58. Bg3 Rf3 59. Rh8 g5 60. hxg5 fxg5 61. Rf8+ Ke4 62. Rg8 Kf5 63. Rg7 Ra3 64. Rf7+ Kg6 65. Rc7 Ra4 66.
Rd7 Kh5 67. Rd6 Rb4 68. Kg2 Rb2+ 69. Kf3 Rb3+ 70. Kf2 Kg4 0-1

[Event "Early-Titled-Tuesday-Blitz-February-13-2024"]
[Site "Chess.com"]
[Date "2024.02.13"]
[Round "1"]
[White "Leonid_Starozhilov"]
[Black "PositionalPanther"]
[Result "1/2-1/2"]
[WhiteElo "2738"]
[BlackElo "2421"]
[TimeControl "180+1"]
[EndTime "8:08:50 PST"]
[Termination "Game drawn by repetition"]

1. e4 e6 2. d4 d5 3. e5 c5 4.
c3 Nc6 5. Nf3 Bd7 6. a3 Nge7 7.
Bd3 cxd4 8. cxd4 Qb6 9. Bc2 Nf5 10. Bxf5 exf5 11. Nc3 Be6 12. O-O h6 13. h4 Be7 14. b4 O-O 15. Be3 Rfe8 16. Qd3 Qd8 17. g3 g5 18. hxg5 hxg5 19. Qd2 Kg7 20. Bxg5 Bxg5 21.
Nxg5 Nxd4 22. Nxe6+ Nxe6 23. Qxd5 Qg5 24. Qf3 Rac8 25.
Ne2 Rh8 26. Rac1 Qh6 27. Rfd1 Rxc1 28. Rxc1 Qh2+ 29. Kf1 Ng5 30. Qg2 Qh1+ 31. Qxh1 Rxh1+ 32. Kg2 Rxc1 33. Nxc1 f6 34. exf6+ Kxf6 35. Nd3 b6 36. f3 Ne6 37. Kf2 Nd4 38. a4 Nc2 39. g4 a5 40.
bxa5 bxa5 41. Kg3 Na3 42. Kf4 fxg4 43. fxg4 Nc4 44. g5+ Kg6 45. Nc5 Nb6 46. Kg4 Kg7 47. Kf5 Nc4 48. Ne6+ Kf7 49. g6+ Kg8 50. Nc5 Nb6 51.
Kf6 Nc4 52. g7 Nb6 53. Kg6 Nd5 54. Nd7 Ne7+ 55. Kf6 Nd5+ 56. Kg6 Ne7+ 57. Kh6 Nd5 58. Ne5 Ne7 59. Ng4 Nd5 60. Kg6 Ne7+ 61. Kf6 Nd5+ 62.
Ke5 Nb6 63. Kf6 Nd5+ 64. Kg6 Ne7+ 65. Kh6 Nd5 66. Ne5 Ne7 67. Nd7 Nd5 68. Kg6 1/2-1/2

[Event "Early-Titled-Tuesday-Blitz-February-13-2024"]
[Site "Chess.com"]
[Date "2024.02.13"]
[Round "1"]
[White "LeoLV10"]
[Black "CFN_Good_Evening"]
[Result "0-1"]
[WhiteElo "2547"]
[BlackElo "2045"]
[TimeControl "180+1"]
[EndTime "8:08:53 PST"]
[Termination "CFN_Good_Evening won by checkmate"]

1. e4 c5 2. Nf3 Nc6 3. d4 cxd4 4. Nxd4 Nf6 5. Nc3 e5 6. Ndb5 d6 7. Bg5 a6 8. Na3 b5 9. Nd5 Qa5+ 10. Bd2 Qd8 11.
Bg5 Be7 12. Bxf6 Bxf6 13. c3 Bg5 14. Nc2 Ne7 15. Nxe7 Qxe7 16. Be2 O-O 17. O-O f5 18. f3 Be6 19. Nb4 Be3+ 20. Kh1 f4 21. Nd5 Qh4 22.
Nxe3 fxe3 23. Qxd6 Rf6 24. Qxe5 Rh6 25. Kg1 Rf8 26.
Qg3 Qe7 27. f4 Qc5 28. f5 Bc8 29. Rf3 Bb7 30. Rxe3 Bxe4 31. Rf1 Bxf5 32. Kh1 Rhf6 33. Ref3 Qe7 34. Re3 Qb7 35. Rg1 Kh8 36. Bf3 Qb6 37. Qe1 Be6 38. Re5 Bxa2 39. Re7 a5 40. Qg3 Rg6 41. Qe5 Bg8 42. Re1 b4 43. Re8 Qf6 44. Rxf8 Qxf8 45. Qxa5 bxc3 46. Qxc3 Rb6 47. Rb1 h6 48. b4 Bh7 49. Rb2 Qd6 50. h3 Rb8 51.
b5 Bg8 52. Bc6 Qf4 53. Qf3 Qc1+ 54. Kh2 Qxb2 55. Qf4 Rxb5 56. Bxb5 Qxb5 57. h4 Qd5 58. g3 Qa2+ 59. Kh3 Qf7 60. Qd4 Qe6+ 61. Kh2 Bf7 62. Qf4 Qa2+ 63. Kh3 Qd5 64. Kh2 Be6 65. g4 Bg8 66. h5 Qg5 67. Qd4 Be6 68. Kg3 Qf6 69. Qb4 Qe5+ 70. Kh3 Bg8 71. Qf8 Qe3+ 72. Kh4 Qg5+ 73.
Kg3 Kh7 74. Qa8 Bd5 75. Qf8 Be6 76. Qb4 Qe5+ 77. Kh4 Qh2# 0-1

[Event "Early-Titled-Tuesday-Blitz-February-13-2024"]
[Site "Chess.com"]
[Date "2024.02.13"]
[Round "1"]
[White "ClaudiaSof"]
[Black "SahibSinghKnight"]
[Result "1-0"]
[WhiteElo "2308"]
[BlackElo "2624"]
[TimeControl "180+1"]
[EndTime "8:08:56 PST"]
[Termination "ClaudiaSof won by checkmate"]

1. d4 d5 2. Bf4 Nf6 3. e3 c5 4.
c3 e6 5. Nd2 Nc6 6. Ngf3 cxd4 7. exd4 Nh5 8. Be3 Bd6 9. Ne5 g6 10. Nd3 Ng7 11. g3 f6 12. Bg2 O-O 13. O-O Nf5 14. Bf4 Be7 15. b4 g5 16. Be3 Nxe3 17.
fxe3 a6 18. e4 dxe4 19. Nxe4 Kh8 20. Qe2 Re8 21. Nec5 Kg7 22. Rae1 Bd6 23. Qf2 e5 24. Ne4 Be7 25. dxe5 f5 26. Nec5 b6 27. Bxc6 bxc5 28.
Nxc5 Ra7 29. Ne6+ Bxe6 30. Qxa7 Rf8 31. Qd4 Qc7 32. Bg2 Rd8 33. Qe3 Rc8 34. Rc1 Qc4 35. a3 Qb3 36. Qa7 Kf7 37. Bh3 Rxc3 38. Rxc3 Qxc3 39. Bxf5 Bxf5 40. Rxf5+ Ke6 41. Rf1 Qd3 42.
Qb6+ Kd7 43. Qb7+ Ke6 44. Qc8+ Kxe5 45. Qc7+ Bd6 46. Qf7 Qe3+ 47. Qf2 Qd3 48. Re1+ Kd5 49. Qe2 Qd4+ 50. Qe3 Qg4 51. Qd3+ Kc6 52. Rc1+ Kd7 53. Rd1 Qe6 54. Kf2 Kc7 55. Qxd6+ Qxd6 56. Rxd6 Kxd6 57. Ke3 Kd5 58. Kd3 h5 59. a4 Ke5 60. b5 axb5 61. axb5 Kd5 62. Ke3 Kc5 63. Ke4 Kxb5 64. Kf5 g4 65. Kg5 Kc4 66. Kxh5 Kd3 67. Kxg4 Ke2 68. h4 Kf2 69. h5 Ke3 70. h6 Kd4 71. h7 Kd5 72. h8=Q Ke6 73. Qg7 Kd6 74. Qf7 Kc6 75. Qe7 Kd5 76. Qf6 Ke4 77. Qd6 Ke3 78. Qd5 Kf2 79. Qd3 Kg1 80. Qe2 Kh1 81. Kh3 Kg1 82.
Qg2# 1-0

[Event "Early-Titled-Tuesday-Blitz-February-13-2024"]
[Site "Chess.com"]
[Date "2024.02.13"]
[Round "1"]
[White "agvania123"]
[Black "YurasovMat-2012"]
[Result "1/2-1/2"]
[WhiteElo "2360"]
[BlackElo "2666"]
[TimeControl "180+1"]
[EndTime "8:09:00 PST"]
[Termination "Game drawn by stalemate"]

1. c4 c6 2. Nc3 d5 3. d4 Nf6 4. cxd5 cxd5 5. Bg5 Nc6 6. e3 Bf5 7. Qb3 Na5 8. Bb5+ Bd7 9. Qa4 Nc6 10. Qd1 e6 11. Nf3 Bb4 12. O-O h6 13. Bh4 a6 14.
Bd3 Bd6 15. Rc1 O-O 16. a3 Rc8 17. Bb1 Re8 18. Qd3 g5 19. Bg3 Bxg3 20. hxg3 b5 21.
e4 b4 22. axb4 Nxb4 23. Qe2 dxe4 24. Nxe4 Rxc1 25. Rxc1 Bb5 26. Nxf6+ Qxf6 27. Qe5 Qd8 28. Qe4 f5 29. Qe5 Nc6 30. Qc5 g4 31. Ne5 Nxd4 32. Kh2 Ne2 33. Re1 Qg5 34. Rxe2 Bxe2 35. Ba2 Qf6 36. Qe3 Bb5 37. Qf4 Kg7 38. f3 gxf3 39. gxf3 Rd8 40. Qe3 Kg8 41. f4 Re8 42. Qb6 h5 43.
Qf2 Kh8 44. Qf3 Kg7 45. Kg2 h4 46. g4 h3+ 47. Qxh3 fxg4 48. Qxg4+ Kh8 49. Bb1 Rg8 50. Ng6+ Kg7 51. Ne7+ Kf7 52. Nxg8 Qxb2+ 53. Kh3 Qxb1 54. Nh6+ Ke7 55. Qg7+ Kd6 56. Qd4+ Kc6 57. Qc3+ Kb7 58. Ng4 Qh7+ 59. Kg3 Qc7 60. Qxc7+ Kxc7 61. Ne5 a5 62. Kf2 Kd6 63. Ke3 Kd5 64. Kd2 a4 65. Nf3 Ke4 66.
Ng5+ Kf5 67. Kc3 Bc6 68. Nxe6 Kxe6 69. Kb2 Kd5 70. Ka1 Kc4 71. Kb1 Kb3 72. Ka1 Bd5 73. Kb1 Bf7 74. Ka1 Kc4 75. Kb1 Kb3 76. f5 a3 77. f6 a2+ 78. Ka1 Ka3 1/2-1/2

[Event "Early-Titled-Tuesday-Blitz-February-13-2024"]
[Site "Chess.com"]
[Date "2024.02.13"]
[Round "1"]
[White "ATM622"]
[Black "CaspiIsrael"]
[Result "1/2-1/2"]
[WhiteElo "2438"]
[BlackElo "2771"]
[TimeControl "180+1"]
[EndTime "8:09:06 PST"]
[Termination "Game drawn by repetition"]

1. d4 f5 2. Nf3 Nf6 3. g3 g6 4. Bg2 Bg7 5. O-O O-O 6. c4 d6 7. Nc3 Nc6 8. d5 Na5 9. Qd3 e5 10. dxe6 Bxe6 11. Nd2 Nc6 12. Nd5 Ne5 13. Qb3 Rb8 14. Nf3 Nxc4 15. Nd4 Bxd5 16. Bxd5+ Nxd5 17. Qxc4 c6 18. Ne6 Qf6 19. Nxf8 Rxf8 20. Rb1 Kh8 21. Bd2 Re8 22. e3 h5 23. h4 Re4 24. Qe2 Rg4 25.
Kh2 Qe5 26. f4 Qe4 27. Qf3 Qc2 28. Rfd1 Nf6 29. Kh1 Ne4 30. Be1 Bf6 31. Rbc1 Qxb2 32. Rb1 Qc2 33. Rxb7 Nxg3+ 34. Bxg3 Rxg3 35. Qxg3 Qxd1+ 36. Kh2 Qe2+ 37. Qg2 Qxe3 38. Qxg6 Qxf4+ 39. Qg3 Qd2+ 40.
Kh3 Qa5 41. Rb8+ Bd8 42. Qxd6 Qc3+ 43. Qg3 Qd4 44. Rb1 Kh7 45. Rg1 Qg4+ 46. Qxg4 hxg4+ 47. Kg3 Bc7+ 48. Kg2 Kg6 49. Rc1 Kh5 50. Rxc6 Bb6 51. Rf6 Kxh4 52. Rxf5 g3 53. Rf4+ Kg5 54. Rf7 Bf2 55. Rf3 Kg4 56. Rb3 Kf4 57. a4 Ke4 58. a5 Kd5 59. a6 Kc6 60. Kf3 Be1 61. Kg2 Bf2 62. Rb7 Kd6 63. Rb8 Kc7 64. Rb7+ Kc6 65. Kf3 Kd6 66. Kg2 Kc6 67. Kf3 Kd6 68. Kg2 Kd5 69.
Kf3 Kc4 70. Kg2 Kc3 71. Rc7+ Kb4 72. Rc6 Ka5 73. Rf6 Kb5 74. Rg6 Be1 75. Rh6 Bf2 76.
Rg6 Kc5 77. Rf6 Kb5 78. Rg6 1/2-1/2